 Dungeon Crawl Stone Soup version 0.28-a0-1038-g9c4cb8273d (webtiles) character file.

Game seed: 8917949357634919727

119 fragbeetle the Ruffian (level 4, -1/36 HPs)
             Began as a Draconian Transmuter on Dec 8, 2021.
             Slain by Grinder (4 damage)
             ... on level 3 of the Dungeon.
             The game lasted 00:07:15 (2984 turns).

fragbeetle the Ruffian (Draconian Transmuter)       Turns: 2984, Time: 00:07:16

Health: -1/36      AC:  5    Str: 13    XL:     4   Next: 73%
Magic:  3/8        EV: 12    Int: 15    God:
Gold:   69         SH:  0    Dex: 11    Spells: 2/8 levels left

rFire   . . .      SeeInvis .     - Unarmed
rCold   . . .      Faith    .   (no shield)
rNeg    . . .      Spirit   .   (armour unavailable)
rPois   .          Reflect  .   (helmet currently unavailable)
rElec   .          Harm     .   (no cloak)
rCorr   .          Rampage  .   (no gloves)
Will    .....                   (boots currently unavailable)
Stlth   +.........              (no amulet)
HPRegen 0.12/turn               (no ring)
MPRegen 0.11/turn               (no ring)

@: appendages, very slightly contaminated
A: horns 2, talons 2, AC +5, unfitting armour, cold-blooded
a: End Transformation


You were on level 3 of the Dungeon.
You had temporarily grown beastly horns and talons.
You visited 1 branch of the dungeon, and saw 3 of its levels.

You collected 109 gold pieces.
You spent 40 gold pieces at shops.

Inventory:

Hand Weapons
 h - a +4 trident of venom
Missiles
 b - 6 javelins
Magical Staves
 i - a staff of air
Scrolls
 a - a scroll of immolation
 c - a scroll of fear {unknown}
 d - a scroll of summoning {unknown}
 e - 2 scrolls of identify
 g - a scroll of enchant armour {unknown}
Potions
 f - 2 potions of degeneration


   Skills:
 * Level 2.0 Fighting
 * Level 2.5 Dodging
 + Level 3.6 Unarmed Combat
 + Level 2.6 Spellcasting
 * Level 3.1 Transmutations


You had 2 spell levels left.
You knew the following spells:

 Your Spells              Type           Power      Damage    Failure   Level
a - Beastly Appendage     Tmut           22%        N/A       5%          1
b - Spider Form           Tmut/Pois      6%         N/A       32%         3
c - Blink                 Tloc           2%         N/A       32%         2

Your spell library contained the following spells:

 Spells                   Type           Power      Damage    Failure   Level
 Wereblood                Tmut           11%        N/A       9%          2
 Ice Form                 Ice/Tmut       6%         N/A       71%         4
 Manifold Assault         Tloc           1%         N/A       99%         5
 Storm Form               Tmut/Air       3%         N/A       100%        7


Dungeon Overview and Level Annotations

Branches:
Dungeon (3/15)

Altars:
Ashenzari

Shops:
D:2 !

Annotations:
D:3 Grinder


Innate Abilities, Weirdness & Mutations

You have temporarily grown beastly horns and talons.
Your plain brown scales are hard. (AC +5)
You cannot fit into any form of body armour.
You are cold-blooded and may be slowed by cold attacks.


Message History

The jackal is heavily wounded.
The jackal closely misses you. The jackal barely misses you.
You closely miss the jackal. Your kick misses the jackal.
You headbutt the jackal.
You kill the jackal!
Grinder blinks!
You hit Grinder. You claw Grinder.
You tail-slap Grinder, but do no damage.
Grinder is lightly wounded.
The jackal closely misses you. Grinder hits you but does no damage.
The jackal closely misses you.
You hit Grinder. Your kick misses Grinder.
Grinder is moderately wounded.
Grinder misses you. The jackal closely misses you.
You closely miss Grinder.
Grinder is moderately wounded.
Grinder hits you.
You writhe in agony.
The jackal barely misses you.
You closely miss Grinder.
Grinder is moderately wounded.
The jackal bites you but does no damage.
Grinder closely misses you. The jackal bites you.
Okay, then.
As you read the scroll labelled QONALE ODUT, it crumbles to dust.
It is a scroll of identify.
a - a scroll of immolation Grinder misses you.
The jackal bites you but does no damage.
Really read the scroll of immolation?
Okay, then.
You barely miss the jackal. You headbutt the jackal.
Your tail-slap misses the jackal.
The jackal is lightly wounded.
The jackal barely misses you. Grinder hits you!
* * * LOW HITPOINT WARNING * * *
You writhe in agony.
* * * LOW HITPOINT WARNING * * *
You hit the jackal. You headbutt the jackal.
You kill the jackal!
Grinder hits you.
You die...

#.#.###.# ##.....##
#.#.##..#####.......## #
#.#........#.........####
#.##.......+.......).'...
#.##.....#.#.........####
#.##.#...#.##.......## #
#..........###.....##
########5### ##...## #@#
##+## #.# ## ## #.# .. ..
####.####.##.##
#.......#.#...#.
#.......#....5..
#...†...#..)hh
#.......#..#.##.
#...........h...


You could see Grinder.

Vanquished Creatures
  Terence (D:3)
  3 adders
  A dart slug (D:1)
  6 bats
  5 endoplasms
  3 giant cockroaches
  6 hobgoblins
  9 jackals
  2 quokkas (D:1)
  3 ball pythons
  6 frilled lizards
  7 goblins
  6 kobolds
  2 rats (D:2)
60 creatures vanquished.

Notes
Turn   | Place    | Note
-------+----------+-------------------------------------------
     0 | D:1      | fragbeetle the Draconian Transmuter began the quest for the
                  | Orb.
     0 | D:1      | Reached XP level 1. HP: 16/16 MP: 3/3
    34 | D:1      | Found a faded altar of an unknown god.
   284 | D:1      | Reached XP level 2. HP: 21/23 MP: 3/5
  1079 | D:1      | Reached XP level 3. HP: 28/28 MP: 4/6
  1083 | D:1      | Learned a level 3 spell: Spider Form
  1086 | D:1      | Learned a level 2 spell: Blink
  1895 | D:2      | Found Pynif's Distillery.
  1904 | D:2      | Bought a potion of degeneration for 10 gold pieces
  1904 | D:2      | Bought a potion of curing for 30 gold pieces
  2180 | D:3      | Reached XP level 4. HP: 29/36 MP: 5/7
  2271 | D:3      | Noticed Terence
  2362 | D:3      | Killed Terence
  2861 | D:3      | Found a broken altar of Ashenzari.
  2962 | D:3      | Noticed Grinder
  2984 | D:3      | Slain by Grinder

Illustrated notes

Levels and vault maps discovered:
D:1:      pf_arrival_petrified_forest, layout_loops_ring,
          ebering_ecumenical_altar_hall
D:2:      layout_basic, serial_shops, shop_fountains
D:3:      layout_loops_corners, ashenzari_conservatory_becter,
          nemelex_dance_club_becter, uniq_grinder, uniq_terence

Skill      XL: |  1  2  3  4 |
---------------+-------------+-----
Dodging        | 2 |  2.5
Fighting       | 2 |  2.0
Transmutations | 3 |  3.1
Unarmed Combat | |  3.6
Spellcasting   | |  2.6

Action                   |  1- 3 |  4- 6 || total
-------------------------+-------+-------++-------
Melee: Unarmed           |   117 |    41 ||   158
       Kick              |    20 |     6 ||    26
       Tailslap          |     7 |     5 ||    12
       Headbutt          |    14 |     5 ||    19
       Punch             |     2 |       ||     2
 Cast: Beastly Appendage |    31 |    10 ||    41
       Spider Form       |       |     1 ||     1
  Use: Scroll            |       |     1 ||     1
       Potion            |       |     1 ||     1
Armor: Skin              |    34 |     6 ||    40
Dodge: Dodged            |    68 |    33 ||   101

Table legend: (Time is in decaauts)
 A = Elapsed time spent in this place.
 B = Non-inter-level travel time spent in this place.
 C = Inter-level travel time spent in this place.
 D = Time resting spent in this place.
 E = Time spent auto-exploring this place.
 F = Levels seen in this place.
 G = Mean time per level.
                   A        B        C        D        E       F      G
               +--------+--------+--------+--------+--------+-----+--------+
         Total |   2975 |   2794 |    181 |    338 |   1871 |   3 |  991.7 |
       Dungeon |   2975 |   2794 |    181 |    338 |   1871 |   3 |  991.7 |
               +--------+--------+--------+--------+--------+-----+--------+

Top non-repeatable levels by time:
     D:1: 1156 daAuts
     D:2: 1061 daAuts
     D:3: 757 daAuts
